 Dungeon Crawl Stone Soup version 0.32-a0-350-g4f4d228785 (console) character file.

Game seed: 16858856096179312527

62885 jejorda2 the Cleaver (level 15, 0/120 HPs)
             Began as a Gnoll Berserker on Feb 16, 2024.
             Was an Elder of Trog.
             Incinerated by a deep elf pyromancer (5 damage)
             ... with a pyre arrow
             ... on level 12 of the Dungeon on Feb 17, 2024.
             The game lasted 01:04:32 (22740 turns).

jejorda2 the Cleaver (Gnoll Berserker)             Turns: 22740, Time: 01:04:33

Health: 0/120      AC: 23    Str: 23    XL:     15   Next: 7%
Magic:  29/29      EV: 10    Int:  3    God:    Trog [****..]
Gold:   855        SH: 11    Dex: 12    Spells: 34/34 levels left

rFire   + . .        a - +1 war axe (spect)
rCold   + + .        F - +0 kite shield
rNeg    + + +        C - +0 plate armour
rPois   +            G - +2 helmet
rElec   +            U - +0 cloak
rCorr   +            v - +2 pair of gloves
SInv    +            (no boots)
Will    +....        O - dreamdust necklace {Acrobat} Stlth
                     K - ring of protection from cold
HPRegen 0.40/turn    o - ring "Desuhoad" {^Drain rPois rN+++ Int-4 SInv}
MPRegen 0.21/turn

%: acrobat
@: on fire, resistant, glowing
A: fangs 1, strong nose, distributed training
a: Renounce Religion, Berserk, Trog's Hand, Brothers in Arms


You were on level 12 of the Dungeon.
You worshipped Trog.
Trog was greatly pleased with you.
You visited 2 branches of the dungeon, and saw 17 of its levels.
You also visited: Sewer.

You collected 1389 gold pieces.
You spent 534 gold pieces at shops.

Inventory:

Hand Weapons
 a - a +1 spectral war axe (weapon)
 b - the +8 war axe of Jati {elec, rPois rN+ Str+5}
   (You took it off a spriggan on level 5 of the Lair of Beasts)

   Str+5:     It affects your strength (+5).
   rPois:     It protects you from poison rN+: It protects you from negative
   energy.
 w - the +6 war axe of Mourning {flame, Dex+3}
   (You found it on level 3 of the Dungeon)

   Dex+3:     It affects your dexterity (+3).
Missiles
 k - 76 poisoned darts (quivered)
 p - 21 boomerangs
 y - 5 throwing nets
 A - 3 curare-tipped darts
 M - 13 javelins
 T - 5 atropa-tipped darts
 V - 6 darts of dispersal
Armour
 v - a +2 pair of gloves (worn)
 C - a +0 plate armour (worn)
 F - a +0 kite shield (worn)
 G - a +2 helmet (worn)
 U - a +0 cloak (worn)
 W - a +0 chain mail of cold resistance
Jewellery
 h - a ring of protection from fire
 o - the ring "Desuhoad" (right hand) {^Drain rPois rN+++ Int-4 SInv}
   (You bought it in a shop on level 10 of the Dungeon)

   [ring of poison resistance]

   Int-4:     It affects your intelligence (-4).
   rPois:     It protects you from poison rN+++: It renders you almost immune to
   negative energy.
   SInv:      It lets you see invisible.
   ^Drain:    It drains your maximum health when unequipped.
 z - a ring of protection from fire
 E - a ring of flight
 I - a ring of ice
 K - a ring of protection from cold (left hand)
 O - the dreamdust necklace (around neck) {Acrobat}
   (You found it on level 1 of the Lair of Beasts)

   [amulet of the acrobat]

   Acrobat:   It increases your evasion while moving and waiting.
Wands
 l - a wand of polymorph (13)
 B - a wand of flame (2)
 D - a wand of iceblast (26)
 J - a wand of paralysis (6)
 L - a wand of light (9)
 P - a wand of mindburst (8)
Scrolls
 c - 4 scrolls of immolation
 f - 4 scrolls of enchant weapon
 i - 9 scrolls of teleportation
 n - 4 scrolls of fog
 q - 6 scrolls of revelation
 H - 2 scrolls of fear
 R - a scroll of summoning
 S - a scroll of poison
Potions
 d - 5 potions of resistance
 e - 5 potions of might
 g - 3 potions of haste
 j - 7 potions of curing
 m - 2 potions of enlightenment {unknown}
 r - 3 potions of invisibility
 s - 5 potions of lignification
 t - 3 potions of mutation
 x - a potion of magic {unknown}
 N - a potion of cancellation {unknown}
 Q - 2 potions of attraction {unknown}


   Skills:
 + Level 12.0 Fighting
 + Level 10.1 Short Blades
 + Level 10.1 Long Blades
 + Level 12.0 Axes
 + Level 10.1 Maces & Flails
 + Level 10.1 Polearms
 + Level 10.1 Staves
 + Level 10.1 Ranged Weapons
 + Level 10.1 Throwing
 + Level 11.1 Armour
 + Level 11.1 Dodging
 + Level 10.1 Stealth
 + Level 10.1 Shields
 + Level 10.1 Unarmed Combat
 + Level 10.1 Spellcasting
 + Level 8.5 Conjurations
 + Level 8.5 Hexes
 + Level 8.5 Summonings
 + Level 8.5 Necromancy
 + Level 8.5 Translocations
 + Level 8.5 Fire Magic
 + Level 8.5 Ice Magic
 + Level 8.5 Air Magic
 + Level 8.5 Earth Magic
 + Level 8.5 Alchemy
 + Level 11.0 Invocations
 + Level 10.1 Evocations
 + Level 9.3 Shapeshifting


You had 34 spell levels left.
You didn't know any spells.
Your spell library was empty.

Dungeon Overview and Level Annotations

Branches:
Dungeon (12/15)            Temple (0/1) D:5            Lair (5/5) D:10
  Swamp (0/4) Lair:2        Snake (0/4) Lair:2        Slime (0/5) Lair:4
    Orc (0/2) D:11          Sewer (visited)

Altars:
Ashenzari
Elyvilon
Gozag
Hepliaklqana
Kikubaaqudgha
Makhleb
Okawaru
Sif Muna
Uskayaw
Wu Jian
Xom
Yredelemnul
Zin
Jiyva
Lugonu

Shops:
D:4 :   D:7 !   D:8 *   D:10 =

Portals:
Abyss: Lair:5

Annotations:
Lair:5 2 transporters, gosagan's ghost, journeyman MDFi


Innate Abilities, Weirdness & Mutations

You have very sharp teeth.
Your uncanny sense of smell can sniff out nearby items.
Your experience applies equally to all skills.


Message History

Your +1 spectral war axe barely misses the fire elemental.
The liquid fire burns you!
* * * LOW HITPOINT WARNING * * *
The fire elemental closely misses your +1 spectral war axe.
The fire elemental closely misses you.
The deep elf pyromancer casts a spell.
Unknown command.
You feel much better.
Your +1 spectral war axe disappears.
The liquid fire burns you!
* * * LOW HITPOINT WARNING * * *
You block the fire elemental's attack.
You block the deep elf pyromancer's attack.
The fire elemental completely misses you.
The fire elemental hits you. The fire elemental burns you!
* * * LOW HITPOINT WARNING * * *
Unknown command.
Unknown command.
Unknown command.
Unknown command.
You feel protected. The liquid fire burns you!
* * * LOW HITPOINT WARNING * * *
You block the fire elemental's attack. The fire elemental hits you.
The fire elemental burns you! You resist.
* * * LOW HITPOINT WARNING * * *
The fire elemental hits you.
* * * LOW HITPOINT WARNING * * *
The fire elemental burns you! You resist.
* * * LOW HITPOINT WARNING * * *
The deep elf pyromancer hits you but does no damage.
Unknown command.
Unknown command.
You slice the deep elf pyromancer!!
The deep elf pyromancer is severely wounded.
You hit the fire elemental but do no damage.
You slash the fire elemental!
You hit the fire elemental but do no damage.
The liquid fire burns you!
You die...

#.~≈~~≈≈≈≈≈≈ .......
#...≈≈≈≈≈≈≈≈ .......
###.≈≈≈≈≈≈≈≈ .......
#.#≈≈≈≈≈≈≈ .......
#.#≈≈≈≈≈≈≈ .......
#.~~≈≈≈≈≈≈ ......°
###.#~~≈≈≈≈§
.....○e######......~≈~≈§
.....○E@E.......######.#
.#....E######.### #.#
#..... ###...# #.#
#.....##...##########.#
#....>+................
#?....######.########..
###### #.# ###
##########.##########
#........†...........


You could see a deep elf pyromancer and 3 fire elementals.

Vanquished Creatures
  An eleionoma (Lair:2)
  Snorg (D:10)
  Fannar (D:10)
  Harold (Lair:2)
  9 hydras
  Erolcha (D:10)
  2 two-headed ogres (D:9)
  2 boulder beetles
  9 death yaks
  Urug (D:12)
  3 thrashing horrors (Lair:5)
  2 skysharks (Lair:5)
  A large abomination (Lair:5)
  An arcanist (D:12)
  2 ugly things (Lair:5)
  A cyclops (D:12)
  8 black mambas
  11 cane toads
  Joseph (D:10)
  4 elephants (Lair:5)
  A torpor snail (Lair:2)
  2 smoke demons (Lair:5)
  9 komodo dragons
  3 unseen horrors (D:11)
  8 rime drakes
  A kobold demonologist (D:10)
  A troll (D:11)
  3 polar bears
  Prince Ribbit (Lair:2)
  A hornet (D:9)
  30 blink frogs
  2 raiju (Lair:5)
  6 small abominations (Lair:5)
  A spriggan (Lair:5)
  2 ynoxinuls (Lair:5)
  The ghost of gosagan the Chopper, an amateur MDFi (D:3)
  42 yaks
  5 wyverns
  10 basilisks
  A basilisk (shapeshifter) (Lair:5)
  A warg (D:11)
  6 vampire mosquitoes (D:12)
  4 steam dragons (D:8)
  Edmund (D:6)
  A chaos spawn (Lair:5)
  19 water moccasins
  3 acid dragons
  2 nagas (Lair:2)
  An orc warrior (D:6)
  A sky beast (D:4)
  3 ogres
  An ice beast (D:6)
  3 black bears
  13 wolves
  4 centaurs
  2 phantoms
  6 kobold brigands
  13 bullfrogs
  4 gnoll sergeants
  3 scorpions (D:5)
  A burial acolyte (D:7)
  3 wights (D:8)
  6 killer bees (D:10)
  5 electric eels (D:12)
  2 bombardier beetles
  5 orc priests
  A gnoll bouda (D:9)
  3 hounds
  2 jellies (D:5)
  6 iguanas
  2 sleepcaps (D:6)
  5 orc wizards
  4 hell rats (Lair:5)
  2 hound zombies (D:7)
  11 adders
  21 gnolls
  4 river rats
  2 shadow imps (D:7)
  2 ufetubi (D:6)
  An adder zombie (D:7)
  4 dart slugs
  20 orcs
  6 ball pythons
  4 bats (D:1)
  7 endoplasms
  4 giant cockroaches
  10 goblins
  6 hobgoblins
  6 jackals
  2 quokkas
  6 frilled lizards
  A gnoll zombie (D:7)
  52 kobolds
  3 kobold zombies (D:7)
  18 rats
520 creatures vanquished.

Vanquished Creatures (collateral kills)
  A polar bear (Lair:2)
  A bullfrog (Lair:2)
  A small abomination (Lair:5)
3 creatures vanquished.

Vanquished Creatures (others)
  A bullfrog (D:8)
  9 spectral weapons
10 creatures vanquished.

Grand Total: 533 creatures vanquished

Notes
Turn   | Place    | Note
-------+----------+-------------------------------------------
     0 | D:1      | jejorda2 the Gnoll Berserker began the quest for the Orb.
     0 | D:1      | Reached XP level 1. HP: 23/23 MP: 1/1
   221 | D:1      | Reached XP level 2. HP: 29/29 MP: 2/2
   465 | D:1      | Reached XP level 3. HP: 35/35 MP: 3/3
   608 | D:1      | Reached skill level 1 in Invocations
   664 | D:1      | Found a faded altar of an unknown god.
   896 | D:1      | Reached skill level 1 in Short Blades
   896 | D:1      | Reached skill level 1 in Long Blades
   896 | D:1      | Reached skill level 1 in Maces & Flails
   896 | D:1      | Reached skill level 1 in Polearms
   896 | D:1      | Reached skill level 1 in Staves
   896 | D:1      | Reached skill level 1 in Ranged Weapons
   896 | D:1      | Reached skill level 1 in Throwing
   896 | D:1      | Reached skill level 1 in Stealth
   896 | D:1      | Reached skill level 1 in Shields
   896 | D:1      | Reached skill level 1 in Unarmed Combat
   896 | D:1      | Reached skill level 1 in Spellcasting
   896 | D:1      | Reached skill level 1 in Evocations
  1495 | D:3      | Reached skill level 1 in Shapeshifting
  1495 | D:3      | Reached XP level 4. HP: 39/41 MP: 5/5
  1597 | D:3      | Reached ** piety under Trog
  1671 | D:3      | Identified the +6 war axe of Mourning {flame, Dex+3}
  2155 | D:3      | Reached skill level 1 in Conjurations
  2155 | D:3      | Reached skill level 1 in Hexes
  2155 | D:3      | Reached skill level 1 in Summonings
  2155 | D:3      | Reached skill level 1 in Necromancy
  2155 | D:3      | Reached skill level 1 in Translocations
  2155 | D:3      | Reached skill level 1 in Fire Magic
  2155 | D:3      | Reached skill level 1 in Ice Magic
  2155 | D:3      | Reached skill level 1 in Air Magic
  2155 | D:3      | Reached skill level 1 in Earth Magic
  2155 | D:3      | Reached skill level 1 in Alchemy
  2184 | D:3      | Found a transporter.
  2282 | D:3      | Found a transporter.
  2283 | D:3      | Noticed gosagan's ghost (amateur MDFi)
  2284 | D:3      | Noticed an ogre
  2284 | D:3      | Noticed an ogre
  2613 | D:4      | Found Qullad's Self-Improvement Boutique.
  2631 | D:4      | Reached XP level 5. HP: 47/47 MP: 5/7
  2685 | D:4      | Noticed a sky beast
  2685 | D:4      | Noticed a phantom
  2693 | D:4      | Killed a phantom
  2697 | D:4      | Killed a sky beast
  2698 | D:4      | Reached skill level 5 in Armour
  2698 | D:4      | Reached skill level 5 in Dodging
  2698 | D:4      | Reached XP level 6. HP: 53/53 MP: 7/9
  2989 | D:4      | Reached *** piety under Trog
  3072 | D:5      | Entered Level 5 of the Dungeon
  3127 | D:5      | Found a staircase to the Ecumenical Temple.
  3235 | D:5      | Reached XP level 7. HP: 60/60 MP: 10/10
  3390 | D:5      | Reached XP level 8. HP: 67/67 MP: 12/12
  3474 | D:5      | Found an iron altar of Okawaru.
  3505 | D:5      | Found a faded altar of an unknown god.
  3505 | D:5      | Found a faded altar of an unknown god.
  3505 | D:5      | Found a hazy altar of Hepliaklqana.
  4012 | D:6      | Noticed Edmund
  4021 | D:6      | Killed Edmund
  4030 | D:6      | Found a glowing drain.
  4053 | Sewer    | Entered a sewer
  4258 | Sewer    | Reached **** piety under Trog
  4775 | D:6      | Reached XP level 9. HP: 67/73 MP: 14/14
  5050 | D:6      | Found an ornate altar of the Wu Jian Council.
  5098 | D:6      | Found a hide-covered altar of Uskayaw.
  5400 | D:3      | Killed gosagan's ghost
  5538 | D:7      | Found a shimmering altar of Xom.
  5794 | D:7      | Reached skill level 5 in Invocations
  5940 | D:7      | Noticed a komodo dragon
  5952 | D:7      | Killed a komodo dragon
  6249 | D:7      | Found Symmidem's Distillery.
  6331 | D:7      | Reached ***** piety under Trog
  6345 | D:7      | Found an ancient bone altar of Kikubaaqudgha.
  6771 | D:8      | Reached skill level 5 in Short Blades
  6771 | D:8      | Reached skill level 5 in Long Blades
  6771 | D:8      | Reached skill level 5 in Maces & Flails
  6771 | D:8      | Reached skill level 5 in Polearms
  6771 | D:8      | Reached skill level 5 in Staves
  6771 | D:8      | Reached skill level 5 in Ranged Weapons
  6771 | D:8      | Reached skill level 5 in Throwing
  6771 | D:8      | Reached skill level 5 in Stealth
  6771 | D:8      | Reached skill level 5 in Shields
  6771 | D:8      | Reached skill level 5 in Unarmed Combat
  6771 | D:8      | Reached skill level 5 in Spellcasting
  6771 | D:8      | Reached skill level 5 in Evocations
  6771 | D:8      | Reached XP level 10. HP: 67/81 MP: 14/17
  7369 | D:8      | Found Zin's Purification Station.
  7369 | D:8      | Found a glowing silver altar of Zin.
  7748 | D:8      | Reached skill level 5 in Shapeshifting
  7951 | D:9      | Found a broken altar of Ashenzari.
  7952 | D:9      | Identified the +10 dagger "Rukhus" {flame, rElec rCorr}
  8061 | D:9      | Noticed a two-headed ogre
  8068 | D:9      | Killed a two-headed ogre
  8147 | D:9      | Found a white marble altar of Elyvilon.
  8192 | D:9      | Found a shimmering blue altar of Sif Muna.
  8364 | D:9      | Found an opulent altar of Gozag.
  8505 | D:9      | Noticed a two-headed ogre
  8510 | D:9      | Killed a two-headed ogre
  8891 | D:9      | Found a burning altar of Makhleb.
  9008 | D:9      | Reached skill level 5 in Conjurations
  9008 | D:9      | Reached skill level 5 in Hexes
  9008 | D:9      | Reached skill level 5 in Summonings
  9008 | D:9      | Reached skill level 5 in Necromancy
  9008 | D:9      | Reached skill level 5 in Translocations
  9008 | D:9      | Reached skill level 5 in Fire Magic
  9008 | D:9      | Reached skill level 5 in Ice Magic
  9008 | D:9      | Reached skill level 5 in Air Magic
  9008 | D:9      | Reached skill level 5 in Earth Magic
  9008 | D:9      | Reached skill level 5 in Alchemy
  9030 | D:10     | Entered Level 10 of the Dungeon
  9030 | D:10     | Noticed Snorg
  9037 | D:10     | Killed Snorg
  9038 | D:10     | Reached XP level 11. HP: 89/89 MP: 20/20
  9229 | D:10     | Noticed Erolcha
  9232 | D:10     | Noticed Fannar
  9237 | D:10     | Killed Fannar
  9237 | D:10     | Received a gift from Trog
  9283 | D:10     | Killed Erolcha
  9678 | D:10     | Found Xoreilet's Jewellery Emporium.
  9688 | D:10     | Bought the ring "Desuhoad" {^Drain rPois rN+++ Int-4 SInv}
                  | for 534 gold pieces
  9742 | D:10     | Found a basalt altar of Yredelemnul.
  9797 | D:10     | Found a staircase to the Lair.
  9888 | D:10     | Noticed Joseph
  9904 | D:10     | Killed Joseph
 11065 | D:11     | Found a staircase to the Orcish Mines.
 11861 | Lair:1   | Entered Level 1 of the Lair of Beasts
 12029 | Lair:1   | Reached XP level 12. HP: 71/97 MP: 16/22
 12554 | Lair:1   | Reached skill level 10 in Fighting
 12554 | Lair:1   | Reached skill level 10 in Axes
 12714 | Lair:1   | Found the dreamshard necklace {Acrobat *Dream}
 13598 | Lair:2   | Found a staircase to the Swamp.
 13598 | Lair:2   | Noticed an eleionoma
 13612 | Lair:2   | Killed an eleionoma
 13733 | Lair:2   | Noticed Prince Ribbit
 13740 | Lair:2   | Killed Prince Ribbit
 13947 | Lair:2   | Noticed Harold
 13962 | Lair:2   | Killed Harold
 14354 | Lair:2   | Found a staircase to the Snake Pit.
 14369 | Lair:2   | Noticed a boulder beetle
 14422 | Lair:1   | Killed a boulder beetle
 14682 | Lair:2   | Noticed an eight-headed hydra
 14689 | Lair:2   | Reached XP level 13. HP: 23/104 MP: 25/25
 14689 | Lair:2   | Saved by the dreamshard amulet
 16117 | Lair:3   | Reached skill level 10 in Armour
 16117 | Lair:3   | Reached skill level 10 in Dodging
 17549 | Lair:4   | Received a gift from Trog
 17553 | Lair:4   | Reached XP level 14. HP: 94/113 MP: 27/27
 17564 | Lair:4   | Reached skill level 10 in Invocations
 17950 | Lair:4   | Found a viscous altar of Jiyva.
 17950 | Lair:4   | Found a staircase to the Slime Pits.
 18657 | Lair:5   | Entered Level 5 of the Lair of Beasts
 19308 | Lair:5   | Found a transporter.
 19344 | Lair:5   | Found a transporter.
 19344 | Lair:5   | Noticed gosagan's ghost (journeyman MDFi)
 20521 | Lair:5   | Identified the +8 war axe of Jati {elec, rPois rN+ Str+5}
 21440 | Lair:5   | Reached skill level 10 in Short Blades
 21440 | Lair:5   | Reached skill level 10 in Long Blades
 21440 | Lair:5   | Reached skill level 10 in Maces & Flails
 21440 | Lair:5   | Reached skill level 10 in Polearms
 21440 | Lair:5   | Reached skill level 10 in Staves
 21440 | Lair:5   | Reached skill level 10 in Ranged Weapons
 21440 | Lair:5   | Reached skill level 10 in Throwing
 21440 | Lair:5   | Reached skill level 10 in Stealth
 21440 | Lair:5   | Reached skill level 10 in Shields
 21440 | Lair:5   | Reached skill level 10 in Unarmed Combat
 21440 | Lair:5   | Reached skill level 10 in Spellcasting
 21440 | Lair:5   | Reached skill level 10 in Evocations
 21514 | Lair:5   | Found a corrupted altar of Lugonu.
 21514 | Lair:5   | Found a one-way gate to the infinite horrors of the Abyss.
 21738 | Lair:5   | Upgraded the game from 0.32-a0-329-ge6c31236d6 to
                  | 0.32-a0-350-g4f4d228785
 22143 | D:12     | Noticed Urug
 22160 | D:12     | Killed Urug
 22161 | D:12     | Reached XP level 15. HP: 75/120 MP: 29/29
 22739 | D:12     | HP: 5/120 [fire elemental[a deep elf pyromancer] (7)]
 22740 | D:12     | Incinerated by a deep elf pyromancer

Illustrated notes

Levels and vault maps discovered:
D:1:      onia_arrival_mini_spirals, layout_loops_corners,
          chequers_ecumenical_altar_lobes
D:2:      layout_rooms, hex_medium, nicolae_twisty_statue_hallways
D:3:      layout_basic, gammafunk_ghost_smash
D:4:      layout_rooms, nicolae_shop_self_help
D:5:      layout_loops_ring, okawaru_metal_pillars_1_2,
          nicolae_hepliaklqana_ecumenical_no_more, minmay_temple_entry_trees,
          patterned_corridor
D:6:      layout_cave_pools, jmf_multi_god_temple, portal_sewer_entry_e,
          uniq_edmund
D:7:      layout_basic, regret_index_kikubaaqudgha_part_by_part,
          nicolae_overflow_hidden_temple, serial_shops, shop, minmay_lizard_king
D:8:      kennysheep_steamy, layout_loops_cross, zin_purify
D:9:      layout_basic, mainiacjoe_overflow_cross_hatched,
          nicolae_sif_muna_condensation, lightli_temple_of_fire,
          nicolae_gozag_seed_capital, mainiacjoe_overflow_six_doors_small
D:10:     layout_cave_pods, yredelemnul_altar_generic, lair_entry_dummy,
          serial_shops, nicolae_shop_tiny_statue_garden,
          chequers_serial_rivers_micro_b, uniq_fannar, uniq_snorg, uniq_joseph,
          uniq_erolcha
D:11:     layout_basic, minmay_orc_entry_guard_dogs, serial_glass,
          glass_columns_a, glass_columns_b, glass_columns_c, glass_columns_a,
          glass_columns_b, feat_on_display, due_unseen_surprise,
          minmay_strange_pillars
D:12:     layout_basic, minmay_statues_item, uniq_urug
Lair:1:   layout_misc_corridors, evilmike_ambush [evilmike_ambush_outer_basic,
          evilmike_ambush_inner_basic]
Lair:2:   layout_regular_city, alex1729_swamp_entry_worm_eleionoma,
          guppyfry_snake_entry_island, uniq_harold, uniq_prince_ribbit2
Lair:3:   layout_gridlike, lemuel_fruit_tree, grunt_megastairs_1
Lair:4:   layout_cave_pods, slime_entry_1
Lair:5:   hellmonk_lair_end_abyssal_woods, layout_layer_cave, special_room
          [special_room_mythical_zoo], gammafunk_ghost_arena, grunt_megastairs_3

Skill      XL: |  1  2  3  4  5  6  7  8  9 10 11 12 13 14 15 |
---------------+----------------------------------------------+-----
Invocations    | 1 2 3 4 5 6 7 8 9 10 11 | 11.0
Short Blades   | 1 2 3 5 6 7 8 9 10 | 10.1
Long Blades    | 1 2 3 5 6 7 8 9 10 | 10.1
Maces & Flails | 1 2 3 5 6 7 8 9 10 | 10.1
Polearms       | 1 2 3 5 6 7 8 9 10 | 10.1
Staves         | 1 2 3 5 6 7 8 9 10 | 10.1
Ranged Weapons | 1 2 3 5 6 7 8 9 10 | 10.1
Throwing       | 1 2 3 5 6 7 8 9 10 | 10.1
Stealth        | 1 2 3 5 6 7 8 9 10 | 10.1
Shields        | 1 2 3 5 6 7 8 9 10 | 10.1
Unarmed Combat | 1 2 3 5 6 7 8 9 10 | 10.1
Spellcasting   | 1 2 3 5 6 7 8 9 10 | 10.1
Evocations     | 1 2 3 5 6 7 8 9 10 | 10.1
Shapeshifting  | 1 2 3 4 5 6 7 8 9 |  9.3
Conjurations   | 1 2 3 4 5 6 7 8 |  8.5
Hexes          | 1 2 3 4 5 6 7 8 |  8.5
Summonings     | 1 2 3 4 5 6 7 8 |  8.5
Necromancy     | 1 2 3 4 5 6 7 8 |  8.5
Translocations | 1 2 3 4 5 6 7 8 |  8.5
Fire Magic     | 1 2 3 4 5 6 7 8 |  8.5
Ice Magic      | 1 2 3 4 5 6 7 8 |  8.5
Air Magic      | 1 2 3 4 5 6 7 8 |  8.5
Earth Magic    | 1 2 3 4 5 6 7 8 |  8.5
Alchemy        | 1 2 3 4 5 6 7 8 |  8.5
Armour         | 5 6 7 8 9 10 11 | 11.1
Dodging        | 5 6 7 8 9 10 11 | 11.1
Fighting       | 7 8 9 10 11 12 | 12.0
Axes           | 7 8 9 10 11 12 | 12.0

Action                     |  1- 3 |  4- 6 |  7- 9 | 10-12 | 13-15 || total
---------------------------+-------+-------+-------+-------+-------++-------
  Melee: Hand axe          |    85 |    12 |       |       |       ||    97
         Bite              |     6 |     4 |    22 |    61 |    90 ||   183
         War axe           |       |    69 |   214 |   393 |   546 ||  1222
         Battleaxe         |       |       |     5 |       |       ||     5
         Dire flail        |       |       |       |    75 |    20 ||    95
         Broad axe         |       |       |       |       |    28 ||    28
  Throw: Dart              |       |       |     6 |    77 |    89 ||   172
         Javelin           |       |       |       |       |     1 ||     1
 Invoke: Berserk           |       |     1 |     6 |    11 |    12 ||    30
         Trog's Hand       |       |       |     2 |     6 |     6 ||    14
         Brothers in Arms  |       |       |       |       |     1 ||     1
  Evoke: Wand              |       |       |       |       |     9 ||     9
    Use: Scroll            |       |       |    16 |    11 |     5 ||    32
         Potion            |       |       |       |     1 |     3 ||     4
   Stab: Sleeping          |     2 |       |       |       |       ||     2
         Distracted        |       |       |       |     7 |    14 ||    21
 Armour: Animal skin       |    13 |       |       |       |       ||    13
         Ring mail         |    21 |    12 |       |       |       ||    33
         Scale mail        |       |    26 |    29 |       |       ||    55
         Chain mail        |       |       |    60 |       |       ||    60
         Plate armour      |       |       |    82 |   486 |   547 ||  1115
  Dodge: Dodged            |    47 |    51 |    94 |   215 |   274 ||   681
  Block: Kite shield       |       |       |       |       |   223 ||   223

Table legend: (Time is in decaauts)
 A = Elapsed time spent in this place.
 B = Non-inter-level travel time spent in this place.
 C = Inter-level travel time spent in this place.
 D = Time resting spent in this place.
 E = Time spent auto-exploring this place.
 F = Levels seen in this place.
 G = Mean time per level.
                   A        B        C        D        E       F      G
               +--------+--------+--------+--------+--------+-----+--------+
         Total |  23021 |  21611 |   1410 |   1211 |  16971 |  18 | 1278.9 |
       Dungeon |  12437 |  11603 |    834 |    801 |   9084 |  12 | 1036.4 |
          Lair |   9956 |   9380 |    576 |    359 |   7457 |   5 | 1991.2 |
         Sewer |    627 |    627 |      0 |     50 |    429 |   1 |  627.0 |
               +--------+--------+--------+--------+--------+-----+--------+

Top non-repeatable levels by time:
  Lair:5: 2810 daAuts
  Lair:1: 2197 daAuts
  Lair:2: 1909 daAuts
  Lair:4: 1763 daAuts
    D:10: 1670 daAuts
     D:9: 1398 daAuts
     D:3: 1310 daAuts
  Lair:3: 1275 daAuts
     D:7: 1255 daAuts
    D:11: 1221 daAuts
     D:8: 1063 daAuts
     D:1: 1010 daAuts
     D:6: 879 daAuts
     D:5: 846 daAuts
    D:12: 835 daAuts
